 Dungeon Crawl Stone Soup version 0.26-a0-682-g294304f6e8 (webtiles) character file.

Game seed: 15217158500972414754

78 Decritt the Vandal (level 4, -7/29 HPs)
             Began as a Halfling Hunter on Oct 21, 2020.
             Mangled by Sigmund
             ... wielding a +0 scythe
              (11 damage)
             ... on level 2 of the Dungeon.
             The game lasted 00:07:29 (2154 turns).

Decritt the Vandal (Halfling Hunter)                Turns: 2154, Time: 00:07:29

Health: -7/29      AC:  3    Str: 13    XL:     4   Next: 61%
Magic:  4/4        EV: 15    Int:  9    God:
Gold:   69         SH:  0    Dex: 15    Spells: 3/3 levels left

rFire    . . .     SeeInvis .   b - +0 short sword
rCold    . . .     Faith    .   (shield restricted)
rNeg     + . .     Spirit   .   c - +0 leather armour
rPois    .         Reflect  .   (no helmet)
rElec    .         Harm     .   (no cloak)
rCorr    .         Rampage  .   (no gloves)
MR       .....                  (no boots)
Stlth    ++........             f - amulet of inaccuracy (curse)
HPRegen  0.09/turn              e - ring of positive energy
MPRegen  0.09/turn              (no ring)

@: no status effects
A: small, mutation resistance 1
a: no special abilities


You were on level 2 of the Dungeon.
You visited 1 branch of the dungeon, and saw 2 of its levels.

You collected 69 gold pieces.

Inventory:

Hand Weapons
 a - a +1 hunting sling
 b - a +0 short sword (weapon)
Missiles
 j - 41 stones (quivered)
Armour
 c - a +0 leather armour (worn)
Jewellery
 e - a ring of positive energy (left hand)
 f - a cursed amulet of inaccuracy (around neck)
Scrolls
 g - 2 scrolls of teleportation
Potions
 d - 2 potions of ambrosia
 h - a potion of lignification {unknown}
 i - a potion of haste {unknown}
 k - a potion of cancellation {unknown}
 l - a potion of degeneration {unknown}


   Skills:
 + Level 2.3 Fighting
 * Level 6.9 Slings
 * Level 3.1 Dodging
 + Level 2.2 Stealth


You had 3 spell levels left.
You didn't know any spells.
Your spell library contained the following spells:

 Spells                   Type           Power        Failure   Level
 Animate Skeleton         Necr           #.....       45%         1
 Apportation              Tloc           #.....       45%         1
 Corona                   Hex            #......      45%         1
 Summon Small Mammal      Summ           #...         45%         1


Dungeon Overview and Level Annotations

Branches:
Dungeon (2/15)

Altars:

Annotations:
D:2 Sigmund


Innate Abilities, Weirdness & Mutations

You are small and have problems with some larger weapons.
You are somewhat resistant to further mutation.


Message History

No target in view!
No target in view!
No target in view!
No target in view!
No target in view!
No target in view!
No target in view!
Unknown command.
No target in view!
No target in view!
b - a +0 short sword (weapon)
You hear some strange, mumbled words.
A magic dart appears from out of thin air!
The magic dart hits you.
* * * LOW HITPOINT WARNING * * *
You barely miss something. Something hits you!
* * * LOW HITPOINT WARNING * * *
You closely miss something. You completely miss something. Something hits you!
You die...

##.## ###
#########.#.###..
.........###.†...
#####....#.##...
#######.###..#....
#.......# #..#....
#.#####.###..#.#.#
#{# #......#.#>#
##@#######.####.#.#
#..........# #.#..
#..######### [....#
#####.# #.# #.# #..
##


There were no monsters in sight!

Vanquished Creatures
  Natasha (D:2)
  A dart slug (D:1)
  3 leopard geckos
  A bat (D:1)
  2 giant cockroaches
  8 hobgoblins
  9 kobolds
  2 quokkas (D:2)
  3 frilled lizards (D:1)
  11 goblins
  3 rats (D:1)
44 creatures vanquished.

Notes
Turn   | Place    | Note
-------+----------+-------------------------------------------
     0 | D:1      | Decritt the Halfling Hunter began the quest for the Orb.
     0 | D:1      | Reached XP level 1. HP: 14/14 MP: 1/1
    84 | D:1      | Reached skill level 6 in Slings
   378 | D:1      | Reached XP level 2. HP: 19/19 MP: 2/2
   815 | D:1      | Reached XP level 3. HP: 24/24 MP: 3/3
  1278 | D:2      | Noticed Robin
  1835 | D:2      | Reached XP level 4. HP: 23/29 MP: 4/4
  2007 | D:2      | Noticed Natasha
  2024 | D:2      | Killed Natasha
  2134 | D:2      | Noticed Sigmund
  2154 | D:2      | Mangled by Sigmund

Illustrated notes

Levels and vault maps discovered:
D:1:      dpeg_arrival_tiny_d, layout_basic
D:2:      layout_loops_ring, lightli_temple_of_fire, uniq_natasha, uniq_robin,
          uniq_sigmund

Skill      XL: |  1  2  3  4 |
---------------+-------------+-----
Slings         | 6 |  6.9
Fighting       | 2 |  2.3
Stealth        | 2 |  2.2
Dodging        | 3 |  3.1

Action                   |  1- 3 |  4- 6 || total
-------------------------+-------+-------++-------
Melee: Short sword       |    58 |     5 ||    63
       Hunting sling     |     1 |       ||     1
       Unarmed           |       |     1 ||     1
 Fire: Hunting sling     |   122 |    35 ||   157
  Use: Scroll            |     1 |     2 ||     3
Armor: Leather armour    |    13 |       ||    13
Dodge: Dodged            |    91 |    17 ||   108

Table legend: (Time is in decaauts)
 A = Elapsed time spent in this place.
 B = Non-inter-level travel time spent in this place.
 C = Inter-level travel time spent in this place.
 D = Time resting spent in this place.
 E = Time spent auto-exploring this place.
 F = Levels seen in this place.
 G = Mean time per level.
                   A        B        C        D        E       F      G
               +--------+--------+--------+--------+--------+-----+--------+
         Total |   2139 |   2132 |      7 |    412 |   1238 |   2 | 1069.5 |
       Dungeon |   2139 |   2132 |      7 |    412 |   1238 |   2 | 1069.5 |
               +--------+--------+--------+--------+--------+-----+--------+

Top non-repeatable levels by time:
     D:1: 1616 daAuts
     D:2: 523 daAuts
